Map: Hard Lead LE

Players

SubN

  • Race: Zerg Zerg
  • League: Diamond
  • Spawn Location: 5:00

Brewmaster - Winner!

  • Race: Terran Terran
  • League: Diamond
  • Spawn Location: 11:00

VOD

Have the link to the VOD?

Description

Time

  • Played on: Nov. 20, 2023, 1:27 p.m.
  • Length: 13:43
Show
View Real Time Build Order
Export as new Build Order

SubN Zerg 

Build Orders: Hatch First 

Get SALT Encoding   

  12  0:00  Drone  
  13  0:12  Overlord  
  13  0:18  Drone  
  14  0:30  Drone  
  14  0:31  Drone  
  16  0:49  Hatchery  
  15  0:54  Drone  
  15  0:55  Drone  
  17  1:03  Drone  
  18  1:09  Extractor  
  17  1:18  Spawning Pool  
  16  1:20  Drone  
  16  1:21  Drone  
  18  1:27  Drone  
  19  1:38  Drone  
  20  1:48  Overlord  
  20  2:05  Queen x2  
  20  2:06  Zergling x2  
  20  2:07  Zergling x2  
  26  2:11  Drone  
  26  2:13  Metabolic Boost  
  27  2:16  Drone  
  28  2:46  Queen  
  28  2:47  Queen  
  32  2:53  Hatchery  
  31  2:58  Overlord  
  31  3:07  Drone x4  
  31  3:10  Drone  
  36  3:26  Drone x5  
  36  3:27  Drone  
  42  3:43  Drone x2, Overlord  
  42  3:46  Overlord  
  44  3:54  Extractor  
  44  3:55  Lair  
  43  3:58  Drone  
  43  4:00  Overlord  
  44  4:05  Queen  
  44  4:06  Queen  
  48  4:25  Drone x10  
  58  4:36  Evolution Chamber  
  58  4:37  Drone x5  
  62  4:39  Evolution Chamber  
  62  4:41  Extractor  
  62  4:42  Extractor  
  62  4:43  Drone  
  60  4:48  Queen  
  62  5:01  Drone  
  62  5:03  Spire  
  62  5:08  Baneling Nest  
  61  5:18  Spore Crawler  
  61  5:19  Drone  
  61  5:23  Queen, Spore Crawler  
  61  5:28  Zerg Melee Weapons Level 1, Zerg Ground Armor Level 1  
  62  5:29  Overseer  
  62  5:38  Drone x4  
  62  5:40  Overlord  
  66  5:43  Overlord x2  
  61  6:00  Drone x3  
  61  6:01  Drone  
  62  6:04  Zergling x10  
  62  6:05  Zergling x2  
  67  6:11  Drone x2  
  67  6:12  Spore Crawler  
  67  6:18  Queen x2  
  72  6:20  Drone x3  
  72  6:25  Zerg Flyer Weapons Level 1  
  75  6:33  Queen  
  75  6:39  Zergling x2  
  78  6:42  Zergling x2  
  78  6:44  Centrifugal Hooks  
  78  6:46  Drone x3  
  78  6:47  Drone x3  
  85  6:58  Overseer  
  85  7:06  Hatchery  
  84  7:12  Drone x5  
  84  7:14  Overlord  
  84  7:15  Overlord x3  
  89  7:34  Drone x7  
  89  7:35  Drone x4  
  100  7:40  Extractor  
  100  7:41  Extractor  
  98  7:50  Spore Crawler  
  97  7:57  Spore Crawler  
  96  8:00  Corruptor x6  
  96  8:03  Spore Crawler  
  105  8:10  Spore Crawler  
  97  8:28  Extractor  
  97  8:29  Drone  
  95  8:35  Corruptor  
  95  8:36  Corruptor x6  
  95  8:39  Zerg Melee Weapons Level 2  
  95  8:40  Zerg Ground Armor Level 2  
  109  8:42  Drone x3  
  109  8:43  Drone x3  
  109  8:44  Drone  
  116  8:55  Overlord x4  
  109  9:22  Corruptor x3  
  109  9:23  Corruptor  
  115  9:27  Queen  
  117  9:32  Zerg Flyer Weapons Level 2  
  117  9:34  Infestation Pit  
  117  9:37  Drone  
  117  9:39  Drone x12  
  129  10:08  Hatchery  
  129  10:12  Spore Crawler  
  127  10:14  Spore Crawler  
  127  10:21  Spore Crawler  
  125  10:36  Drone x4  
  125  10:37  Roach Warren  
  125  10:40  Drone x6  
  125  10:41  Drone x3  
  137  10:43  Extractor, Hydralisk Den  
  137  10:44  Extractor  
  132  10:59  Zerg Missile Weapons Level 1  
  132  11:03  Neural Parasite  
  132  11:04  Infestor x3  
  132  11:05  Infestor x2  
  132  11:09  Zergling x2  
  132  11:10  Zergling x2  
  144  11:12  Overlord x6  
  144  11:13  Overlord  
  126  11:31  Hydralisk  
  126  11:32  Hydralisk x5, Roach x2  
  136  11:33  Hydralisk x3, Roach x5  
  136  11:34  Roach x2  
  161  11:40  Drone x3  
  164  11:49  Queen  
  166  12:09  Hydralisk, Roach  
  166  12:10  Hydralisk x8, Roach x6  
  198  12:17  Grooved Spines  
  165  12:54  Hydralisk  
  165  12:55  Hydralisk x6, Roach x3  
  165  12:56  Hydralisk x2, Roach x6  
  147  13:15  Hydralisk x3  
  147  13:16  Hydralisk, Roach x4  
  147  13:17  Roach  
Show
View Real Time Build Order
Export as new Build Order

Brewmaster Terran - Winner!

Build Orders: Reaper Expand, Mech 

Get SALT Encoding   

  12  0:02  SCV  
  13  0:17  Supply Depot, SCV  
  14  0:29  SCV  
  15  0:41  Barracks, SCV  
  16  0:47  Refinery  
  16  0:53  SCV  
  17  1:06  SCV  
  18  1:18  SCV  
  19  1:31  Reaper  
  19  1:32  Orbital Command  
  20  1:43  Command Center  
  20  1:54  Refinery  
  20  1:58  SCV  
  21  2:13  Factory  
  21  2:16  SCV  
  21  2:18  Supply Depot  
  22  2:30  Barracks Reactor  
  22  2:43  SCV  
  23  2:55  Orbital Command  
  23  3:02  Starport  
  23  3:12  SCV  
  24  3:16  Hellion x2  
  24  3:17  Marine  
  29  3:26  SCV x2  
  31  3:39  Command Center  
  31  3:42  Fusion Core  
  31  3:45  Hellion x2  
  35  3:51  Barracks Tech Lab  
  35  3:59  Barracks Tech Lab  
  35  4:02  Starport Tech Lab  
  35  4:04  Supply Depot, SCV x2  
  37  4:16  SCV x2  
  39  4:29  SCV x2  
  47  4:31  Battlecruiser  
  47  4:36  Refinery  
  47  4:37  Refinery  
  47  4:41  SCV x2  
  47  4:43  Siege Tank  
  52  4:53  Orbital Command, SCV x2  
  54  5:00  Factory  
  54  5:05  SCV x2  
  56  5:15  Factory  
  56  5:17  SCV x2  
  58  5:23  SCV  
  58  5:28  Siege Tank  
  62  5:29  SCV  
  62  5:35  Armory  
  63  5:42  SCV x2  
  65  5:54  SCV x3  
  68  6:00  Armory  
  68  6:06  SCV  
  69  6:16  Factory Tech Lab  
  69  6:17  Factory Reactor  
  69  6:18  SCV x3  
  72  6:26  Siege Tank  
  72  6:27  Battlecruiser  
  72  6:30  SCV x3  
  84  6:36  Supply Depot  
  84  6:37  Supply Depot x2  
  84  6:42  SCV  
  84  6:44  Engineering Bay  
  85  6:48  Terran Vehicle Weapons Level 1, Terran Vehicle And Ship Armor Level 1  
  85  6:58  Hellion x2, Siege Tank, SCV x2  
  85  6:59  Orbital Command  
  94  7:10  SCV x2  
  94  7:13  Command Center  
  94  7:14  Refinery  
  96  7:15  Siege Tank  
  96  7:17  Refinery  
  96  7:22  SCV x2  
  105  7:30  Hellion x2, Siege Tank, SCV  
  109  7:44  Supply Depot x2  
  109  7:59  Supply Depot  
  109  8:01  Supply Depot  
  122  8:05  Siege Tank x2, SCV x3  
  122  8:06  Hellion x2  
  119  8:17  SCV x3  
  116  8:29  SCV x2  
  116  8:30  SCV  
  119  8:36  Factory  
  119  8:37  Factory  
  119  8:39  Factory  
  119  8:42  SCV x3  
  119  8:44  Thor x2  
  134  8:54  SCV x2  
  136  8:56  Missile Turret x2  
  136  8:58  Missile Turret x2  
  124  9:12  Missile Turret  
  124  9:13  Missile Turret  
  124  9:15  Missile Turret  
  124  9:16  Missile Turret  
  124  9:17  Missile Turret x2  
  124  9:21  Missile Turret  
  124  9:22  Missile Turret  
  124  9:24  Missile Turret, SCV x2  
  126  9:25  Missile Turret  
  126  9:26  Factory Reactor, Factory Tech Lab  
  126  9:27  Factory Tech Lab  
  126  9:28  Thor  
  126  9:29  Thor  
  126  9:30  Hellbat x2  
  142  9:44  Thor  
  148  9:47  SCV x3  
  148  9:49  Terran Vehicle Weapons Level 2  
  148  9:52  Hellion x2  
  155  9:59  Hellion, SCV x3  
  160  10:01  Supply Depot x2  
  160  10:02  Supply Depot  
  160  10:13  Hellbat x2  
  164  10:15  Missile Turret  
  164  10:18  Missile Turret  
  164  10:19  Missile Turret  
  164  10:20  Missile Turret  
  164  10:22  Thor, Refinery  
  164  10:24  Refinery  
  170  10:29  Planetary Fortress  
  170  10:36  Thor x2  
  170  10:37  Hellbat x3  
  170  10:39  Command Center  
  188  10:44  Hellbat  
  188  10:45  Supply Depot  
  188  10:46  Supply Depot  
  190  10:53  Supply Depot  
  190  11:02  Thor  
  196  11:07  Hellbat x2  
  200  11:14  Factory x2  
  200  11:53  Missile Turret  
  200  11:54  Missile Turret  
  200  11:55  Missile Turret  
  200  12:07  Command Center  
  200  12:13  Command Center  
  200  12:14  Refinery  
  200  12:15  Refinery  
  200  12:42  Hellbat  
  200  12:43  Hellbat x2  
  161  12:51  Missile Turret  
  161  12:52  Missile Turret  
  161  12:53  Missile Turret  
  161  12:54  Thor, Missile Turret  
  161  12:55  Thor x2  
  161  12:56  Hellbat x2  
  159  13:04  Hellbat x2  
  169  13:17  Hellbat x2  
Tags
 
Add a new tag
Caveats
  • Supply blocks, unpowered buildings, or Contaminate may cause inaccurate times.
  • Supply counts are checked every 10 seconds.